 Dungeon Crawl Stone Soup version 0.28-a0-1033-g1a2f33fa85 (webtiles) character file.

Game seed: 2563365134044601162

3706 meatgazer the Magician (level 10, -1/81 HPs)
             Began as a Hill Orc Monk on Dec 7, 2021.
             Was an Elder of Vehumet.
             Succumbed to a hornet's poison
             ... on level 7 of the Dungeon.
             The game lasted 00:17:27 (11697 turns).

meatgazer the Magician (Hill Orc Monk)             Turns: 11697, Time: 00:17:27

Health: -1/81      AC:  4    Str: 15    XL:     10   Next: 14%
Magic:  21/21      EV: 16    Int: 14    God:    Vehumet [****..]
Gold:   300        SH:  5    Dex: 16    Spells: 18/23 levels left

rFire   . . .      SeeInvis .   p - +6 dagger of Goyz {vorpal, rC++ rCorr}
rCold   + + .      Faith    .   (no shield)
rNeg    . . .      Spirit   .   b - +0 robe
rPois   .          Reflect  +   (no helmet)
rElec   .          Harm     .   (no cloak)
rCorr   +          Rampage  .   c - +1 pair of gloves {Dex+3}
Will    +....                   (no boots)
Stlth   ++........              l - amulet of reflection
HPRegen 0.23/turn               d - +4 ring of evasion
MPRegen 0.17/turn               h - ring of willpower

@: lethally poisoned (-1 -> -21), slowed, very slow
A: no striking features
a: Renounce Religion


You were on level 7 of the Dungeon.
You worshipped Vehumet.
Vehumet was greatly pleased with you.
You visited 1 branch of the dungeon, and saw 8 of its levels.

You collected 419 gold pieces.
You spent 119 gold pieces at shops.

Inventory:

Hand Weapons
 a - a +1 hand axe
 g - the +5 short sword of Ashenzari's Hatred {drain, rC+ rCorr}
   (You took it off an orc on level 5 of the Dungeon)

   A truly terrible weapon, it drains the life of any living foe it strikes.
   rC:        It protects you from cold.
   rCorr:     It protects you from acid and corrosion.
 p - the +6 dagger of Goyz (weapon) {vorpal, rC++ rCorr}
   (You bought it in a shop on level 4 of the Dungeon)

   It inflicts extra damage upon your enemies.
   rC:        It greatly protects you from cold.
   rCorr:     It protects you from acid and corrosion.
Armour
 b - a +0 robe (worn)
 c - a +1 pair of gloves of dexterity (worn)
Magical Staves
 e - a staff of fire
Jewellery
 d - a +4 ring of evasion (left hand)
 h - a ring of willpower (right hand)
 k - a ring of willpower
 l - an amulet of reflection (around neck)
Scrolls
 i - a scroll of holy word
 m - a scroll of identify
 q - a scroll of silence
Potions
 j - a potion of haste {unknown}
 o - 2 potions of curing


   Skills:
 - Level 5.1 Fighting
 + Level 6.1 Short Blades
 - Level 4.8 Axes
 - Level 2.4 Staves
 - Level 2.4 Dodging
 - Level 1.5 Stealth
 * Level 7.4 Spellcasting
 + Level 7.2 Fire Magic


You had 18 spell levels left.
You knew the following spells:

 Your Spells              Type           Power      Damage    Failure   Level
a - Scorch                Fire           50%        2d8       1%          2
b - Inner Flame           Hex/Fire       15%        N/A       2%          3

Your spell library contained the following spells:

 Spells                   Type           Power      Damage    Failure   Level
 Olgreb's Toxic Radiance  Pois           5%         N/A       32%         4
 Animate Skeleton         Necr           10%        N/A       14%         1
 Apportation              Tloc           10%        N/A       14%         1
 Summon Small Mammal      Summ           20%        N/A       14%         1
 Passwall                 Tmut/Erth      4%         N/A       21%         2
 Call Canine Familiar     Summ           5%         N/A       38%         3
 Portal Projectile        Hex/Tloc       10%        N/A       38%         3
 Swiftness                Air            5%         N/A       38%         3
 Leda's Liquefaction      Hex/Erth       2%         N/A       80%         4
 Summon Forest            Summ/Tloc      2%         N/A       98%         5
 Eringya's Noxious Bog    Tmut/Pois      2%         N/A       99%         6
 Summon Hydra             Summ           2%         N/A       100%        7


Dungeon Overview and Level Annotations

Branches:
Dungeon (8/15)             Temple (0/1) D:4
   Lair: D:8-11

Altars:
Gozag
Nemelex Xobeh
Ru
Vehumet
Beogh

Shops:
D:3 :   D:4 (   D:5 [

Annotations:
D:3 2 transporters, paul's ghost, amateur DrCj


Message History

You are too injured to fight recklessly!
You are too injured to fight recklessly!
You are too injured to fight recklessly!
You are too injured to fight recklessly!
You are too injured to fight recklessly!
You are too injured to fight recklessly!
You are too injured to fight recklessly!
You are too injured to fight recklessly!
You are too injured to fight recklessly!
You puncture the hornet!
The hornet is almost dead.
You feel very sick. The hornet stings you!
* * * LOW HITPOINT WARNING * * *
You are lethally poisoned!
You feel as though you will be slow longer.
The hornet closely misses you.
You feel much better.
You feel extremely sick. The hornet stings you!
You feel as though you will be slow longer.
The hornet barely misses you.
You barely miss the hornet.
The hornet is almost dead.
You feel very sick. The hornet closely misses you.
You closely miss the hornet.
The hornet is almost dead.
You feel very sick. The hornet stings you!
* * * LOW HITPOINT WARNING * * *
You feel as though you will be slow longer.
The hornet stings you!
* * * LOW HITPOINT WARNING * * *
You are more poisoned.
You feel as though you will be slow longer.
You puncture the hornet!
You kill the hornet!
Vehumet accepts your kill.
You die...

## ### ##.
....
..#####....
.........
#.....#
#..†..#
#.@# +..#
####


There were no monsters in sight!

Vanquished Creatures
  A cyclops (D:6)
  A hornet (D:7)
  Grinder (D:3)
  2 slime creatures (D:5)
  2 wyverns (D:6)
  2 water moccasins
  An ice beast (D:5)
  2 orc warriors (D:6)
  A necrophage (D:4)
  7 kobold brigands
  Blork the orc (D:4)
  A scorpion (D:4)
  3 water moccasin zombies (D:5)
  4 water moccasin skeletons (D:5)
  2 centaur zombies
  A jelly (D:5)
  6 bullfrog zombies
  3 bullfrog skeletons
  A hound (D:5)
  2 orc priests
  A gnoll shaman (D:5)
  A centaur skeleton (D:5)
  3 iguanas
  An orc wizard (D:3)
  3 scorpion zombies (D:5)
  A hound skeleton (D:5)
  4 gnolls (D:5)
  2 howler monkey skeletons (D:5)
  5 adders
  An ufetubus (D:4)
  A worm (D:4)
  The ghost of Dvallin the Sneak, a weakling KoDe (D:5)
  3 dart slugs
  18 orcs
  12 endoplasms
  A giant cockroach (D:4)
  8 goblins
  10 hobgoblins
  4 jackals (D:1)
  6 quokkas
  6 ball pythons
  3 bats
  5 frilled lizards
  18 kobolds
  3 rats
165 creatures vanquished.

Vanquished Creatures (others)
  6 fungi (D:5)
  8 toadstools (D:5)
14 creatures vanquished.

Grand Total: 179 creatures vanquished

Notes
Turn   | Place    | Note
-------+----------+-------------------------------------------
     0 | D:1      | meatgazer the Hill Orc Monk began the quest for the Orb.
     0 | D:1      | Reached XP level 1. HP: 19/19 MP: 1/1
    98 | D:1      | Found a faded altar of an unknown god.
   114 | D:1      | Prayed at the altar of an unknown god.
   114 | D:1      | Became a worshipper of Vehumet
   114 | D:1      | Reached * piety under Vehumet
   114 | D:1      | Offered knowledge of Freeze by Vehumet.
   114 | D:1      | Reached ** piety under Vehumet
   210 | D:1      | Reached XP level 2. HP: 22/27 MP: 2/2
   335 | D:1      | Offered knowledge of Scorch by Vehumet.
   363 | D:1      | Reached *** piety under Vehumet
   427 | D:1      | Learned a level 2 spell: Scorch
   464 | D:1      | Offered knowledge of Mephitic Cloud by Vehumet.
   465 | D:1      | Reached XP level 3. HP: 28/33 MP: 2/4
   543 | D:1      | Reached skill level 1 in Spellcasting
  1244 | D:2      | Offered knowledge of Inner Flame by Vehumet.
  1606 | D:2      | Reached XP level 4. HP: 40/40 MP: 6/6
  1803 | D:2      | Found a sacrificial altar of Ru.
  2137 | D:2      | Identified a scroll of acquirement
  2137 | D:2      | Acquired a staff of fire
  2242 | D:3      | Found a sparkling altar of Nemelex Xobeh.
  2297 | D:3      | Found a radiant altar of Vehumet.
  2300 | D:3      | Found Hoetocwa's Book Shop.
  2312 | D:3      | Reached skill level 1 in Fire Magic
  2398 | D:3      | Reached XP level 5. HP: 35/47 MP: 0/7
  2577 | D:2      | Learned a level 3 spell: Inner Flame
  2996 | D:3      | Reached skill level 1 in Staves
  3013 | D:3      | Reached **** piety under Vehumet
  3209 | D:3      | Found a transporter.
  3214 | D:3      | Noticed paul's ghost (amateur DrCj)
  3632 | D:3      | Found a transporter.
  3840 | D:4      | Found a staircase to the Ecumenical Temple.
  3871 | D:4      | Noticed Grinder
  3888 | D:3      | Killed Grinder
  3889 | D:3      | Reached skill level 5 in Fighting
  3889 | D:3      | Reached XP level 6. HP: 20/56 MP: 2/9
  4821 | D:4      | Found Itrufousk's Antique Weapon Boutique.
  4870 | D:4      | Bought a slimy dagger for 119 gold pieces
  4870 | D:4      | Identified the +6 dagger of Goyz {vorpal, rC++ rCorr} (You
                  | bought it in a shop on level 4 of the Dungeon)
  5043 | D:4      | Noticed Blork the orc
  5055 | D:4      | Killed Blork the orc
  5056 | D:4      | Reached XP level 7. HP: 27/61 MP: 5/11
  5439 | D:4      | Reached skill level 1 in Short Blades
  5440 | D:4      | Offered knowledge of Olgreb's Toxic Radiance by Vehumet.
  5992 | D:5      | Entered Level 5 of the Dungeon
  6611 | D:5      | Reached XP level 8. HP: 31/68 MP: 2/14
  7116 | D:5      | HP: 1/68 [cloud of flame (14)]
  8355 | D:5      | Found Ipuvouch's Armour Emporium.
  8459 | D:5      | Reached skill level 5 in Spellcasting
  8775 | D:5      | Reached skill level 5 in Fire Magic
  8997 | D:5      | Reached XP level 9. HP: 66/74 MP: 17/17
  9062 | D:5      | Found a runed translucent gate.
  9063 | D:5      | Found a runed translucent gate.
 10162 | D:5      | Identified the +5 short sword of Ashenzari's Hatred {drain,
                  | rC+ rCorr}
 10164 | D:5      | Noticed Dvallin's ghost (weakling KoDe)
 10165 | D:5      | Found a runed translucent gate.
 10235 | D:5      | Reached skill level 5 in Short Blades
 10314 | D:5      | Found a roughly hewn altar of Beogh.
 10319 | D:5      | Killed Dvallin's ghost
 10905 | D:6      | Noticed a cyclops
 10915 | D:6      | Killed a cyclops
 11090 | D:6      | Reached XP level 10. HP: 51/81 MP: 8/20
 11546 | D:6      | Found an opulent altar of Gozag.
 11665 | D:6      | You fall into a shaft and drop 2 floors!
 11696 | D:7      | HP: 4/81 [hornet (10)]
 11697 | D:7      | Succumbed to a hornet's poison

Illustrated notes

Levels and vault maps discovered:
D:1:      evilmike_arrival_hilbert_curve, layout_loops_ring,
          ebering_ecumenical_altar_hall, minmay_pentomino_o2
D:2:      layout_basic, basic_altar
D:3:      layout_basic, amcnicky_altar_gilded, fiery_altar_vehumet,
          serial_shops, shop_fountains, gammafunk_ghost_arena,
          columned_hall_lemuel
D:4:      minmay_wonky_spiral, layout_rooms, temple_pool_b, serial_shops, shop,
          uniq_blork_the_orc, uniq_grinder
D:5:      cheibrodos_fertilizer, layout_rooms, biasface_ghost_orc_armoury,
          serial_undead, serial_undead_a, serial_undead_d, serial_undead_f,
          serial_undead_f, serial_undead_a, serial_undead_e, serial_undead_e,
          serial_undead_e, serial_undead_a, serial_undead_c, serial_shops,
          nicolae_shop_statue_plus
D:6:      layout_rooms, mainiacjoe_overflow_small_starburst, kb_rosetta
D:7:      minmay_the_grid_octo_2x2 [minmay_the_grid_octo_teeth,
          minmay_the_grid_octo_fan_narrow, minmay_the_grid_octo_tetromino_candy,
          minmay_the_grid_octo_prize_square_snowflake], layout_basic,
          chequers_temple_overflow_minitemple, hangedman_ru_absence,
          uniq_menkaure
D:8:      layout_loops_corners, enter_bailey_2, wad_floor_pattern_untrapped,
          uniq_harold

Skill      XL: |  1  2  3  4  5  6  7  8  9 10 |
---------------+-------------------------------+-----
Fighting       | 4 5 |  5.1
Spellcasting   | 1 2 3 4 5 7 |  7.4
Fire Magic     | 1 2 3 5 7 |  7.2
Staves         | 2 |  2.4
Short Blades   | 2 4 5 6 |  6.1
Axes           | |  4.8
Dodging        | |  2.4
Stealth        | |  1.5

Action                   |  1- 3 |  4- 6 |  7- 9 | 10-12 || total
-------------------------+-------+-------+-------+-------++-------
Melee: Hand axe          |   105 |    31 |       |       ||   136
       Staff             |       |    36 |       |       ||    36
       Dagger            |       |    16 |   199 |    65 ||   280
 Cast: Scorch            |     3 |    39 |    83 |       ||   125
       Inner Flame       |       |     5 |    11 |       ||    16
Evoke: Wand              |       |       |     8 |       ||     8
  Use: Scroll            |     4 |     3 |     7 |       ||    14
       Potion            |       |     3 |     4 |     1 ||     8
 Stab: Sleeping          |     5 |     1 |     1 |       ||     7
Armor: Robe              |    19 |    14 |    29 |    11 ||    73
Dodge: Dodged            |    98 |    67 |   189 |    35 ||   389
Block: Other             |     1 |    32 |    60 |    21 ||   114
       Reflection        |       |       |     3 |       ||     3

Table legend: (Time is in decaauts)
 A = Elapsed time spent in this place.
 B = Non-inter-level travel time spent in this place.
 C = Inter-level travel time spent in this place.
 D = Time resting spent in this place.
 E = Time spent auto-exploring this place.
 F = Levels seen in this place.
 G = Mean time per level.
                   A        B        C        D        E       F      G
               +--------+--------+--------+--------+--------+-----+--------+
         Total |  11678 |  11531 |    147 |   6163 |   4167 |   8 | 1459.8 |
       Dungeon |  11678 |  11531 |    147 |   6163 |   4167 |   8 | 1459.8 |
               +--------+--------+--------+--------+--------+-----+--------+

Top non-repeatable levels by time:
     D:4: 3934 daAuts
     D:5: 2316 daAuts
     D:2: 1726 daAuts
     D:3: 1711 daAuts
     D:1: 995 daAuts
     D:6: 963 daAuts
     D:8: 18 daAuts
     D:7: 12 daAuts
